Flyers vs Rangers

Created - oktober 16 2010 at 00:13

Goals
1 2 3 T
Flyers 2 1 2 5
Rangers 2 0 0 2
Shots
1 2 3 T
Flyers 11 10 12 33
Rangers 10 1 4 15

Period #1

1. Flyers , Pascal Dupuis 1 (Radek Dvorak, Bryce Salvador) at 2:03
2. Rangers , Dustin Boyd 2 (Brendan Witt, David Steckel) at 6:57
3. Rangers , Taylor Pyatt 2 (Dustin Boyd, Brendan Witt) at 11:53
4. Flyers , Patrick Sharp 1 (Dennis Seidenberg, Rene Bourque) at 12:54

Penalties :
Nick Schultz (PHL) for Interference (Minor) at 3:30

Period #2

5. Flyers , Daniel Sedin 5 (Anze Kopitar, Ed Jovanovski) at 18:49 (PP)

Penalties :
Mattias Ohlund (NYR) for Tripping (Minor) at 1:03, Colton Orr (NYR) for Hooking (Minor) at 3:15, Mattias Ohlund (NYR) for Cross-checking (Minor) at 9:49, Brendan Witt (NYR) for Tripping (Minor) at 17:29

Period #3

6. Flyers , Ben Guite 1 (Bryce Salvador, Pascal Dupuis) at 10:37
7. Flyers , Radek Martinek 1 (Pascal Dupuis, Radek Dvorak) at 12:32

Penalties :
Ed Jovanovski (PHL) for Tripping (Minor) at 4:41, Mike Knuble (NYR) for High sticking (Minor) at 14:14

Goalie Stats

Chris Mason (PHL), 13 saves from 15 shots - (0,867), W, 2-3-0, 60:00 minutes
Marty Turco (NYR), 28 saves from 33 shots - (0,848), L, 1-2-1, 60:00 minutes

Players Stats

Flyers
Player Name              G  A  P  +/- PIM S  H  SB FO    MP 
------------------------------------------------------------
Anze Kopitar             0  1  1  -1  0   3  0  0  6/25  18 
Ben Guite                1  0  1   2  0   1  0  0  9/20  17 
Bryce Salvador           0  2  2   2  0   0  3  0  0/0   19 
Chris Campoli            0  0  0   1  0   1  2  0  0/0   19 
Daniel Sedin             1  0  1  -1  0   6  1  0  1/1   21 
Dennis Seidenberg        0  1  1   1  0   1  2  1  0/0   22 
Ed Jovanovski            0  1  1  -1  2   1  3  1  0/0   22 
Justin Williams          0  0  0  -1  0   0  2  2  0/0   17 
Nick Schultz             0  0  0  -1  2   1  0  0  0/0   21 
Pascal Dupuis            1  2  3   2  0   3  0  2  1/3   18 
Patrick Rissmiller       0  0  0   0  0   0  1  0  0/0   5  
Patrick Sharp            1  0  1   1  0   5  0  0  10/23 18 
Patrik Elias             0  0  0   1  0   3  2  1  0/0   19 
Radek Dvorak             0  2  2   2  0   3  0  0  1/1   16 
Radek Martinek           1  0  1   2  0   3  1  1  0/0   17 
Rene Bourque             0  1  1   1  0   2  2  0  1/3   20 
Ryan OReilly             0  0  0   0  0   0  1  0  2/9   8  
Scott Parse              0  0  0   0  0   0  0  0  0/0   0  
Rangers
Player Name              G  A  P  +/- PIM S  H  SB FO    MP 
------------------------------------------------------------
Adam Hall                0  0  0  -1  0   0  0  0  5/10  7  
Alexander Frolov         0  0  0  -2  0   0  0  0  0/0   17 
Alexander Steen          0  0  0  -1  0   1  0  0  2/4   20 
Brendan Witt             0  2  2   2  2   0  3  1  0/0   18 
Colton Orr               0  0  0  -1  2   0  0  0  0/0   7  
David Legwand            0  0  0  -1  0   1  0  0  14/23 20 
David Steckel            0  1  1   2  0   2  2  0  14/23 18 
Dion Phaneuf             0  0  0  -3  0   1  7  1  0/0   24 
Drew Doughty             0  0  0  -3  0   2  1  0  0/0   24 
Dustin Boyd              1  1  2   2  0   2  1  0  1/1   15 
Garnet Exelby            0  0  0   2  0   0  2  0  0/0   17 
Jason Spezza             0  0  0  -2  0   1  0  0  17/20 16 
Matt Walker              0  0  0  -1  0   1  2  1  0/0   16 
Mattias Ohlund           0  0  0  -1  4   1  2  4  0/0   20 
Mike Knuble              0  0  0  -2  2   1  2  0  0/2   14 
Paul Bissonnette         0  0  0  -1  0   0  0  0  0/1   7  
Taylor Pyatt             1  0  1   2  0   2  2  1  1/1   15 
Tomas Holmstrom          0  0  0  -1  0   0  3  0  0/0   17 

3 Stars

1 - Pascal Dupuis (PHL)
2 - Dustin Boyd (NYR)
3 - Bryce Salvador (PHL)

Power Play

Flyers - 1 on 5 Attempt(s) - 20,00%
Rangers - 0 on 2 Attempt(s) - 0,00%

Penalty Kill

Flyers - 2 on 2 Attempt(s) - 100,00% - Score 0 goal in Penalty Kill
Rangers - 4 on 5 Attempt(s) - 80,00% - Score 0 goal in Penalty Kill

Game Notes

No Game Note

Finance

Level 1 -- Attendance: 4790 (78,95%) -- Ticket Income 455 050,00 kr
Level 2 -- Attendance: 4936 (97,63%) -- Ticket Income 276 416,00 kr
Level 3 -- Attendance: 1678 (82,99%) -- Ticket Income 58 730,00 kr
Level 4 -- Attendance: 3694 (91,35%) -- Ticket Income 73 880,00 kr
Luxury Box -- Attendance: 797 (78,83%) -- Ticket Income 151 430,00 kr
Game was played at the Madison Square Gardens
Total Attendance: 15895 (87,34%)
Total Ticket Income: 1 106 714,00 kr
Other Income: 420 859,80 kr
Total Income: 1 527 574,00 kr


Team Lines

Flyers

5 vs 5
   Center                   Left Wing                Right Wing               Defense                  Defense                  
 1 Anze Kopitar             Daniel Sedin             Justin Williams          Ed Jovanovski            Nick Schultz             
 2 Patrick Sharp            Patrik Elias             Rene Bourque             Dennis Seidenberg        Chris Campoli            
 3 Ben Guite                Radek Dvorak             Pascal Dupuis            Bryce Salvador           Radek Martinek           
 4 Ryan OReilly             Daniel Sedin             Patrick Rissmiller       Ed Jovanovski            Dennis Seidenberg        

Power Play
   Center                   Left Wing                Right Wing               Defense                  Defense                  
 1 Anze Kopitar             Daniel Sedin             Justin Williams          Dennis Seidenberg        Ed Jovanovski            
 2 Patrick Sharp            Patrik Elias             Rene Bourque             Chris Campoli            Nick Schultz             

Penalty Kill - 4 Players
   Center                   Wing                     Defense                  Defense                  
 1 Ryan OReilly             Pascal Dupuis            Bryce Salvador           Nick Schultz             
 2 Ben Guite                Rene Bourque             Dennis Seidenberg        Radek Martinek           

4 vs 4
   Center                   Wing                     Defense                  Defense                  
 1 Anze Kopitar             Daniel Sedin             Dennis Seidenberg        Ed Jovanovski            
 2 Patrick Sharp            Patrik Elias             Chris Campoli            Nick Schultz             

Penalty Kill - 3 Players
   Forward                  Defense                  Defense                  
 1 Ryan OReilly             Bryce Salvador           Nick Schultz             
 2 Ben Guite                Dennis Seidenberg        Radek Martinek           

Goaltenders
Starting : Chris Mason              
Backup : Alex Auld                

Extra Forwards
Anze Kopitar, Daniel Sedin, Patrik Elias, Patrick Sharp, Rene Bourque
Extra Defensemen
Ed Jovanovski, Dennis Seidenberg, Nick Schultz, Chris Campoli, Bryce Salvador
Penalty Shots
Anze Kopitar, Daniel Sedin, Patrik Elias, Patrick Sharp, Rene Bourque
Coach Strategy
Physical Style: 1 - Defense Style: 2 - Offense Style: 2

Rangers

5 vs 5
   Center                   Left Wing                Right Wing               Defense                  Defense                  
 1 Jason Spezza             Alexander Frolov         Mike Knuble              Dion Phaneuf             Drew Doughty             
 2 David Legwand            Alexander Steen          Tomas Holmstrom          Mattias Ohlund           Matt Walker              
 3 David Steckel            Taylor Pyatt             Dustin Boyd              Brendan Witt             Garnet Exelby            
 4 Adam Hall                Paul Bissonnette         Colton Orr               Dion Phaneuf             Drew Doughty             

Power Play
   Center                   Left Wing                Right Wing               Defense                  Defense                  
 1 Jason Spezza             Alexander Frolov         Mike Knuble              Drew Doughty             Dion Phaneuf             
 2 David Legwand            Alexander Steen          Tomas Holmstrom          Mattias Ohlund           Matt Walker              

Penalty Kill - 4 Players
   Center                   Wing                     Defense                  Defense                  
 1 David Steckel            Alexander Steen          Mattias Ohlund           Drew Doughty             
 2 David Legwand            Alexander Frolov         Dion Phaneuf             Brendan Witt             

4 vs 4
   Center                   Wing                     Defense                  Defense                  
 1 Jason Spezza             Mike Knuble              Drew Doughty             Dion Phaneuf             
 2 David Legwand            Alexander Steen          Mattias Ohlund           Matt Walker              

Penalty Kill - 3 Players
   Forward                  Defense                  Defense                  
 1 David Steckel            Mattias Ohlund           Drew Doughty             
 2 David Legwand            Dion Phaneuf             Brendan Witt             

Goaltenders
Starting : Marty Turco              
Backup : Jason LaBarbera          

Extra Forwards
Jason Spezza, Mike Knuble, Alexander Frolov, Tomas Holmstrom, Alexander Steen
Extra Defensemen
Drew Doughty, Dion Phaneuf, Mattias Ohlund, Brendan Witt, Garnet Exelby
Penalty Shots
Jason Spezza, Mike Knuble, Tomas Holmstrom, Alexander Steen, Alexander Frolov
Coach Strategy
Physical Style: 2 - Defense Style: 0 - Offense Style: 3

Play by Play

Period #1

0:01 of 1st period - Anze Kopitar wins face-off versus Jason Spezza in neutral zone.
0:01 of 1st period - Ed Jovanovski is hit by Mike Knuble and loses puck.
0:11 of 1st period - Icing by Dion Phaneuf.
0:12 of 1st period - Patrick Sharp wins face-off versus Mike Knuble in Rangers zone.
0:12 of 1st period - Patrick Sharp is hit by Dion Phaneuf.
0:40 of 1st period - Shot by Patrick Sharp.
0:40 of 1st period - Stopped by Marty Turco with a rebound.
0:42 of 1st period - Shot by Dennis Seidenberg.
0:42 of 1st period - Shot Misses the Net.
0:46 of 1st period - Shot by Chris Campoli.
0:46 of 1st period - Shot Misses the Net.
0:48 of 1st period - Shot by Patrik Elias.
0:48 of 1st period - Shot Blocked by Dion Phaneuf.
0:51 of 1st period - Rene Bourque is hit by Dion Phaneuf and loses puck.
1:41 of 1st period - Shot by Daniel Sedin.
1:41 of 1st period - Shot Blocked by Matt Walker.
2:03 of 1st period - Shot by Pascal Dupuis.
2:03 of 1st period - Goal by Pascal Dupuis - Flyers : 1 - Rangers : 0.
2:04 of 1st period - Ben Guite wins face-off versus David Steckel in neutral zone.
2:38 of 1st period - Icing by David Steckel.
2:39 of 1st period - David Steckel wins face-off versus Patrick Sharp in Rangers zone.
3:09 of 1st period - Shot by Dennis Seidenberg.
3:09 of 1st period - Stopped by Marty Turco without a rebound.
3:10 of 1st period - Anze Kopitar wins face-off versus Paul Bissonnette in Rangers zone.
3:16 of 1st period - Daniel Sedin is hit by Dion Phaneuf and loses puck.
3:30 of 1st period - Minor Penalty to Nick Schultz for Interference.
3:31 of 1st period - Alexander Steen wins face-off versus Ryan OReilly in Flyers zone.
3:42 of 1st period - Shot by Tomas Holmstrom.
3:42 of 1st period - Shot Misses the Net.
3:55 of 1st period - Icing by Mattias Ohlund.
3:56 of 1st period - Rene Bourque wins face-off versus David Legwand in Rangers zone.
4:46 of 1st period - Off-side.
4:47 of 1st period - Jason Spezza wins face-off versus Ben Guite in neutral zone.
5:10 of 1st period - Shot by Dion Phaneuf.
5:10 of 1st period - Shot Misses the Net.
5:12 of 1st period - Shot by Dion Phaneuf.
5:12 of 1st period - Stopped by Chris Mason without a rebound.
5:13 of 1st period - David Legwand wins face-off versus Ryan OReilly in Flyers zone.
5:34 of 1st period - Shot by Taylor Pyatt.
5:34 of 1st period - Shot Misses the Net.
5:52 of 1st period - Shot by Justin Williams.
5:52 of 1st period - Deflect By Anze Kopitar.
5:52 of 1st period - Shot Misses the Net.
5:54 of 1st period - Shot by Anze Kopitar.
5:54 of 1st period - Shot Misses the Net.
5:56 of 1st period - Shot by Anze Kopitar.
5:56 of 1st period - Stopped by Marty Turco without a rebound.
5:57 of 1st period - Patrick Sharp wins face-off versus Adam Hall in Rangers zone.
5:57 of 1st period - Patrik Elias is hit by Dion Phaneuf and loses puck.
6:29 of 1st period - Icing by Chris Campoli.
6:30 of 1st period - Patrick Sharp wins face-off versus David Steckel in Flyers zone.
6:30 of 1st period - Patrick Sharp is hit by Taylor Pyatt.
6:33 of 1st period - Icing by Patrik Elias.
6:34 of 1st period - David Legwand wins face-off versus Patrick Sharp in Flyers zone.
6:49 of 1st period - Shot by Alexander Steen.
6:49 of 1st period - Stopped by Chris Mason without a rebound.
6:50 of 1st period - David Steckel wins face-off versus Pascal Dupuis in Flyers zone.
6:57 of 1st period - Shot by Dustin Boyd.
6:57 of 1st period - Goal by Dustin Boyd - Flyers : 1 - Rangers : 1.
6:58 of 1st period - Jason Spezza wins face-off versus Anze Kopitar in neutral zone.
6:58 of 1st period - Jason Spezza is hit by Justin Williams.
7:07 of 1st period - Icing by Ed Jovanovski.
7:08 of 1st period - David Steckel wins face-off versus Anze Kopitar in Flyers zone.
7:13 of 1st period - Shot by Dustin Boyd.
7:13 of 1st period - Stopped by Chris Mason without a rebound.
7:14 of 1st period - Pascal Dupuis wins face-off versus David Legwand in Flyers zone.
7:14 of 1st period - Bryce Salvador is hit by Tomas Holmstrom and loses puck.
7:37 of 1st period - Shot by Radek Martinek.
7:37 of 1st period - Shot Misses the Net.
7:42 of 1st period - Off-side.
7:43 of 1st period - Jason Spezza wins face-off versus Anze Kopitar in neutral zone.
7:47 of 1st period - Drew Doughty is hit by Ed Jovanovski and loses puck.
7:54 of 1st period - Shot by Jason Spezza.
7:54 of 1st period - Shot Misses the Net.
7:56 of 1st period - Shot by Drew Doughty.
7:56 of 1st period - Stopped by Chris Mason without a rebound.
7:57 of 1st period - David Steckel wins face-off versus Rene Bourque in Flyers zone.
10:31 of 1st period - Shot by David Legwand.
10:31 of 1st period - Shot Blocked by Dennis Seidenberg.
10:45 of 1st period - Shot by Patrick Sharp.
10:45 of 1st period - Stopped by Marty Turco with a rebound.
10:47 of 1st period - Shot by Rene Bourque.
10:47 of 1st period - Stopped by Marty Turco with a rebound.
10:49 of 1st period - Shot by Dennis Seidenberg.
10:49 of 1st period - Shot Misses the Net.
11:24 of 1st period - Drew Doughty is hit by Ed Jovanovski and loses puck.
11:49 of 1st period - Shot by Dustin Boyd.
11:49 of 1st period - Shot Blocked by Justin Williams.
11:53 of 1st period - Shot by Taylor Pyatt.
11:53 of 1st period - Goal by Taylor Pyatt - Flyers : 1 - Rangers : 2.
11:54 of 1st period - David Steckel wins face-off versus Ben Guite in neutral zone.
12:02 of 1st period - Taylor Pyatt is hit by Bryce Salvador and loses puck.
12:11 of 1st period - Shot by Taylor Pyatt.
12:11 of 1st period - Shot Blocked by Pascal Dupuis.
12:13 of 1st period - Shot by Taylor Pyatt.
12:13 of 1st period - Stopped by Chris Mason without a rebound.
12:14 of 1st period - Jason Spezza wins face-off versus Patrick Sharp in Flyers zone.
12:24 of 1st period - Off-side.
12:25 of 1st period - Taylor Pyatt wins face-off versus Ben Guite in neutral zone.
12:32 of 1st period - Shot by David Steckel.
12:32 of 1st period - Stopped by Chris Mason without a rebound.
12:33 of 1st period - Patrick Sharp wins face-off versus Mike Knuble in Flyers zone.
12:54 of 1st period - Shot by Patrick Sharp.
12:54 of 1st period - Goal by Patrick Sharp - Flyers : 2 - Rangers : 2.
12:55 of 1st period - Ben Guite wins face-off versus David Legwand in neutral zone.
13:00 of 1st period - Shot by Radek Dvorak.
13:00 of 1st period - Shot Misses the Net.
13:02 of 1st period - Shot by Bryce Salvador.
13:02 of 1st period - Shot Misses the Net.
13:06 of 1st period - Shot by Radek Dvorak.
13:06 of 1st period - Shot Misses the Net.
13:08 of 1st period - Shot by Pascal Dupuis.
13:08 of 1st period - Shot Misses the Net.
13:10 of 1st period - Shot by Pascal Dupuis.
13:10 of 1st period - Shot Misses the Net.
13:12 of 1st period - Shot by Bryce Salvador.
13:12 of 1st period - Shot Misses the Net.
13:14 of 1st period - Shot by Bryce Salvador.
13:14 of 1st period - Shot Misses the Net.
13:18 of 1st period - Shot by Radek Dvorak.
13:18 of 1st period - Shot Misses the Net.
13:20 of 1st period - Shot by Radek Martinek.
13:20 of 1st period - Stopped by Marty Turco without a rebound.
13:21 of 1st period - Ryan OReilly wins face-off versus David Steckel in Rangers zone.
13:34 of 1st period - Shot by Daniel Sedin.
13:34 of 1st period - Shot Blocked by Taylor Pyatt.
13:36 of 1st period - Shot by Daniel Sedin.
13:36 of 1st period - Stopped by Marty Turco without a rebound.
13:37 of 1st period - Jason Spezza wins face-off versus Patrick Sharp in Rangers zone.
13:37 of 1st period - Jason Spezza is hit by Patrik Elias.
13:48 of 1st period - Alexander Frolov is hit by Dennis Seidenberg and loses puck.
14:01 of 1st period - Off-side.
14:02 of 1st period - David Steckel wins face-off versus Anze Kopitar in neutral zone.
14:35 of 1st period - Shot by David Steckel.
14:35 of 1st period - Shot Misses the Net.
15:16 of 1st period - Shot by Tomas Holmstrom.
15:16 of 1st period - Shot Blocked by Radek Martinek.
15:38 of 1st period - Shot by Alexander Steen.
15:38 of 1st period - Shot Blocked by Pascal Dupuis.
15:40 of 1st period - Shot by Matt Walker.
15:40 of 1st period - Stopped by Chris Mason without a rebound.
15:41 of 1st period - Jason Spezza wins face-off versus Patrick Sharp in Flyers zone.
17:10 of 1st period - Shot by Daniel Sedin.
17:10 of 1st period - Shot Blocked by Mattias Ohlund.
17:12 of 1st period - Shot by Justin Williams.
17:12 of 1st period - Shot Misses the Net.
17:50 of 1st period - Shot by Radek Dvorak.
17:50 of 1st period - Stopped by Marty Turco with a rebound.
17:52 of 1st period - Shot by Radek Martinek.
17:52 of 1st period - Stopped by Marty Turco without a rebound.
17:53 of 1st period - Ben Guite wins face-off versus Adam Hall in Rangers zone.
17:53 of 1st period - Pascal Dupuis is hit by Dion Phaneuf and loses puck.
18:01 of 1st period - Icing by Dion Phaneuf.
18:02 of 1st period - Ben Guite wins face-off versus Adam Hall in Rangers zone.
18:02 of 1st period - Pascal Dupuis is hit by Drew Doughty and loses puck.
18:12 of 1st period - Dion Phaneuf is hit by Bryce Salvador and loses puck.
18:31 of 1st period - Shot by Drew Doughty.
18:31 of 1st period - Shot Misses the Net.
19:07 of 1st period - Shot by Taylor Pyatt.
19:07 of 1st period - Deflect By David Steckel.
19:07 of 1st period - Stopped by Chris Mason without a rebound.
19:08 of 1st period - Jason Spezza wins face-off versus Patrick Sharp in Flyers zone.
19:56 of 1st period - Icing by Drew Doughty.
19:57 of 1st period - Jason Spezza wins face-off versus Anze Kopitar in Rangers zone.

Period #2

0:01 of 2nd period - Jason Spezza wins face-off versus Anze Kopitar in neutral zone.
0:17 of 2nd period - Icing by Nick Schultz.
0:18 of 2nd period - Daniel Sedin wins face-off versus Alexander Steen in Flyers zone.
0:18 of 2nd period - Anze Kopitar is hit by Tomas Holmstrom and loses puck.
0:40 of 2nd period - Justin Williams is hit by Matt Walker and loses puck.
0:46 of 2nd period - Daniel Sedin is hit by Mattias Ohlund and loses puck.
1:03 of 2nd period - Shot by Patrik Elias.
1:03 of 2nd period - Deflect By Rene Bourque.
1:03 of 2nd period - Stopped by Marty Turco without a rebound.
1:03 of 2nd period - Minor Penalty to Mattias Ohlund for Tripping.
1:04 of 2nd period - Patrick Sharp wins face-off versus David Legwand in Rangers zone.
1:12 of 2nd period - Rene Bourque is hit by Brendan Witt.
1:14 of 2nd period - Shot by Patrick Sharp.
1:14 of 2nd period - Stopped by Marty Turco without a rebound.
1:15 of 2nd period - Patrick Sharp wins face-off versus David Steckel in Rangers zone.
2:15 of 2nd period - Icing by Ed Jovanovski.
2:16 of 2nd period - Anze Kopitar wins face-off versus Alexander Steen in Flyers zone.
2:49 of 2nd period - Icing by Daniel Sedin.
2:50 of 2nd period - Anze Kopitar wins face-off versus David Steckel in Flyers zone.
2:50 of 2nd period - Anze Kopitar is hit by David Steckel.
3:11 of 2nd period - Dion Phaneuf is hit by Radek Martinek and loses puck.
3:15 of 2nd period - Minor Penalty to Colton Orr for Hooking.
3:16 of 2nd period - Patrick Sharp wins face-off versus David Legwand in Rangers zone.
4:24 of 2nd period - Shot by Anze Kopitar.
4:24 of 2nd period - Stopped by Marty Turco without a rebound.
4:25 of 2nd period - David Legwand wins face-off versus Anze Kopitar in Rangers zone.
5:03 of 2nd period - Bryce Salvador is hit by Mike Knuble.
5:17 of 2nd period - Icing by Garnet Exelby.
5:18 of 2nd period - David Steckel wins face-off versus Ben Guite in Rangers zone.
5:43 of 2nd period - Pascal Dupuis is hit by Brendan Witt and loses puck.
6:11 of 2nd period - Icing by Daniel Sedin.
6:12 of 2nd period - David Legwand wins face-off versus Ryan OReilly in Flyers zone.
6:17 of 2nd period - Shot by Tomas Holmstrom.
6:17 of 2nd period - Deflect By Alexander Steen.
6:17 of 2nd period - Shot Misses the Net.
6:23 of 2nd period - Matt Walker is hit by Ryan OReilly.
6:48 of 2nd period - Patrik Elias is hit by Matt Walker and loses puck.
7:15 of 2nd period - Shot by Patrick Sharp.
7:15 of 2nd period - Shot Misses the Net.
7:22 of 2nd period - Drew Doughty is hit by Chris Campoli and loses puck.
8:35 of 2nd period - Pascal Dupuis is hit by David Steckel and loses puck.
9:00 of 2nd period - Shot by Radek Dvorak.
9:00 of 2nd period - Stopped by Marty Turco without a rebound.
9:01 of 2nd period - Adam Hall wins face-off versus Ryan OReilly in Rangers zone.
9:19 of 2nd period - Shot by Daniel Sedin.
9:19 of 2nd period - Stopped by Marty Turco without a rebound.
9:20 of 2nd period - Ryan OReilly wins face-off versus Jason Spezza in Rangers zone.
9:31 of 2nd period - Shot by Jason Spezza.
9:31 of 2nd period - Shot Misses the Net.
9:35 of 2nd period - Shot by Mike Knuble.
9:35 of 2nd period - Stopped by Chris Mason without a rebound.
9:36 of 2nd period - David Legwand wins face-off versus Ben Guite in Flyers zone.
9:48 of 2nd period - Pascal Dupuis is hit by Mattias Ohlund.
9:49 of 2nd period - Minor Penalty to Mattias Ohlund for Cross-checking.
9:50 of 2nd period - David Legwand wins face-off versus Anze Kopitar in Rangers zone.
10:09 of 2nd period - Icing by Anze Kopitar.
10:10 of 2nd period - David Steckel wins face-off versus Anze Kopitar in Flyers zone.
10:27 of 2nd period - Shot by Daniel Sedin.
10:27 of 2nd period - Deflect By Anze Kopitar.
10:27 of 2nd period - Shot Misses the Net.
10:29 of 2nd period - Shot by Daniel Sedin.
10:29 of 2nd period - Stopped by Marty Turco without a rebound.
10:30 of 2nd period - David Legwand wins face-off versus Patrick Sharp in Rangers zone.
10:49 of 2nd period - Shot by Patrik Elias.
10:49 of 2nd period - Stopped by Marty Turco without a rebound.
10:50 of 2nd period - David Steckel wins face-off versus Anze Kopitar in Rangers zone.
11:00 of 2nd period - Ed Jovanovski is hit by Dion Phaneuf and loses puck.
12:06 of 2nd period - Shot by Radek Dvorak.
12:06 of 2nd period - Stopped by Marty Turco without a rebound.
12:07 of 2nd period - Adam Hall wins face-off versus Ben Guite in Rangers zone.
13:04 of 2nd period - Mattias Ohlund is hit by Daniel Sedin and loses puck.
13:12 of 2nd period - Off-side.
13:13 of 2nd period - Patrick Sharp wins face-off versus David Steckel in neutral zone.
13:13 of 2nd period - Patrick Sharp is hit by Taylor Pyatt.
13:18 of 2nd period - Rene Bourque is hit by Garnet Exelby and loses puck.
14:38 of 2nd period - Alexander Steen is hit by Patrick Rissmiller and loses puck.
15:01 of 2nd period - Shot by Radek Dvorak.
15:01 of 2nd period - Shot Misses the Net.
15:45 of 2nd period - Drew Doughty is hit by Patrik Elias and loses puck.
15:58 of 2nd period - Shot by Drew Doughty.
15:58 of 2nd period - Shot Misses the Net.
16:01 of 2nd period - Icing by Nick Schultz.
16:02 of 2nd period - Dustin Boyd wins face-off versus Anze Kopitar in Flyers zone.
16:02 of 2nd period - Dustin Boyd is hit by Chris Campoli.
16:14 of 2nd period - Shot by Taylor Pyatt.
16:14 of 2nd period - Shot Misses the Net.
16:17 of 2nd period - Icing by Chris Campoli.
16:18 of 2nd period - Anze Kopitar wins face-off versus Adam Hall in Flyers zone.
16:36 of 2nd period - Icing by Nick Schultz.
16:37 of 2nd period - Anze Kopitar wins face-off versus David Steckel in Flyers zone.
17:14 of 2nd period - Shot by Daniel Sedin.
17:14 of 2nd period - Deflect By Patrick Rissmiller.
17:14 of 2nd period - Shot Hit the Post.
17:18 of 2nd period - Shot by Daniel Sedin.
17:18 of 2nd period - Shot Misses the Net.
17:22 of 2nd period - Shot by Daniel Sedin.
17:22 of 2nd period - Stopped by Marty Turco with a rebound.
17:24 of 2nd period - Shot by Dennis Seidenberg.
17:24 of 2nd period - Shot Blocked by Brendan Witt.
17:27 of 2nd period - Ryan OReilly is hit by Garnet Exelby and loses puck.
17:29 of 2nd period - Minor Penalty to Brendan Witt for Tripping.
17:30 of 2nd period - Patrick Sharp wins face-off versus David Legwand in Rangers zone.
18:12 of 2nd period - Jason Spezza is hit by Bryce Salvador and loses puck.
18:45 of 2nd period - Shot by Ed Jovanovski.
18:45 of 2nd period - Shot Blocked by Mattias Ohlund.
18:49 of 2nd period - Shot by Daniel Sedin.
18:49 of 2nd period - Goal by Daniel Sedin - Flyers : 3 - Rangers : 2.
18:50 of 2nd period - Adam Hall wins face-off versus Ben Guite in neutral zone.
19:40 of 2nd period - Shot by Daniel Sedin.
19:40 of 2nd period - Shot Misses the Net.
19:42 of 2nd period - Shot by Patrick Rissmiller.
19:42 of 2nd period - Deflect By Daniel Sedin.
19:42 of 2nd period - Shot Blocked by Mattias Ohlund.

Period #3

0:01 of 3rd period - Jason Spezza wins face-off versus Anze Kopitar in neutral zone.
0:14 of 3rd period - Shot by Mike Knuble.
0:14 of 3rd period - Shot Misses the Net.
0:16 of 3rd period - Shot by Alexander Frolov.
0:16 of 3rd period - Shot Misses the Net.
0:18 of 3rd period - Shot by Mike Knuble.
0:18 of 3rd period - Deflect By Alexander Frolov.
0:18 of 3rd period - Shot Misses the Net.
0:22 of 3rd period - Shot by Alexander Frolov.
0:22 of 3rd period - Shot Blocked by Ed Jovanovski.
1:34 of 3rd period - David Legwand is hit by Dennis Seidenberg and loses puck.
1:44 of 3rd period - Off-side.
1:45 of 3rd period - Radek Dvorak wins face-off versus David Steckel in neutral zone.
1:45 of 3rd period - Ben Guite is hit by Dustin Boyd and loses puck.
1:52 of 3rd period - Shot by Pascal Dupuis.
1:52 of 3rd period - Shot Misses the Net.
1:54 of 3rd period - Shot by Pascal Dupuis.
1:54 of 3rd period - Shot Misses the Net.
2:04 of 3rd period - Shot by Pascal Dupuis.
2:04 of 3rd period - Stopped by Marty Turco without a rebound.
2:05 of 3rd period - Adam Hall wins face-off versus Patrick Sharp in Rangers zone.
2:27 of 3rd period - Shot by Patrik Elias.
2:27 of 3rd period - Stopped by Marty Turco without a rebound.
2:28 of 3rd period - Ben Guite wins face-off versus David Steckel in Rangers zone.
3:26 of 3rd period - Shot by Alexander Steen.
3:26 of 3rd period - Deflect By Tomas Holmstrom.
3:26 of 3rd period - Shot Misses the Net.
3:30 of 3rd period - Shot by David Legwand.
3:30 of 3rd period - Stopped by Chris Mason without a rebound.
3:31 of 3rd period - Jason Spezza wins face-off versus Ryan OReilly in Flyers zone.
3:32 of 3rd period - Shot by Drew Doughty.
3:32 of 3rd period - Stopped by Chris Mason without a rebound.
3:33 of 3rd period - Jason Spezza wins face-off versus Anze Kopitar in Flyers zone.
3:34 of 3rd period - Shot by Drew Doughty.
3:34 of 3rd period - Shot Misses the Net.
3:57 of 3rd period - Icing by Drew Doughty.
3:58 of 3rd period - Jason Spezza wins face-off versus Patrick Sharp in Rangers zone.
4:29 of 3rd period - Icing by Mike Knuble.
4:30 of 3rd period - Jason Spezza wins face-off versus Anze Kopitar in Rangers zone.
4:30 of 3rd period - Dion Phaneuf is hit by Justin Williams.
4:41 of 3rd period - Minor Penalty to Ed Jovanovski for Tripping.
4:42 of 3rd period - David Legwand wins face-off versus Pascal Dupuis in Flyers zone.
4:45 of 3rd period - Shot by Tomas Holmstrom.
4:45 of 3rd period - Shot Misses the Net.
4:47 of 3rd period - Shot by Mattias Ohlund.
4:47 of 3rd period - Stopped by Chris Mason without a rebound.
4:48 of 3rd period - Ben Guite wins face-off versus David Legwand in Flyers zone.
5:35 of 3rd period - Off-side.
5:36 of 3rd period - Jason Spezza wins face-off versus Ryan OReilly in neutral zone.
7:01 of 3rd period - Shot by Taylor Pyatt.
7:01 of 3rd period - Shot Blocked by Justin Williams.
7:36 of 3rd period - Shot by Rene Bourque.
7:36 of 3rd period - Shot Misses the Net.
7:38 of 3rd period - Shot by Rene Bourque.
7:38 of 3rd period - Shot Misses the Net.
7:42 of 3rd period - Shot by Patrick Sharp.
7:42 of 3rd period - Shot Misses the Net.
7:44 of 3rd period - Shot by Patrick Sharp.
7:44 of 3rd period - Stopped by Marty Turco without a rebound.
7:45 of 3rd period - David Legwand wins face-off versus Ben Guite in Rangers zone.
7:47 of 3rd period - Icing by Alexander Steen.
7:48 of 3rd period - Ben Guite wins face-off versus David Legwand in Rangers zone.
7:52 of 3rd period - Icing by Mattias Ohlund.
7:53 of 3rd period - David Legwand wins face-off versus Ryan OReilly in Rangers zone.
8:41 of 3rd period - Shot by Pascal Dupuis.
8:41 of 3rd period - Deflect By Ben Guite.
8:41 of 3rd period - Shot Blocked by Mattias Ohlund.
9:14 of 3rd period - Icing by Mattias Ohlund.
9:15 of 3rd period - David Legwand wins face-off versus Rene Bourque in Rangers zone.
9:17 of 3rd period - Icing by Tomas Holmstrom.
9:18 of 3rd period - David Legwand wins face-off versus Patrick Sharp in Rangers zone.
9:47 of 3rd period - Shot by Alexander Frolov.
9:47 of 3rd period - Shot Blocked by Patrik Elias.
9:51 of 3rd period - Shot by Jason Spezza.
9:51 of 3rd period - Stopped by Chris Mason without a rebound.
9:52 of 3rd period - David Steckel wins face-off versus Anze Kopitar in Flyers zone.
10:07 of 3rd period - Shot by Anze Kopitar.
10:07 of 3rd period - Stopped by Marty Turco without a rebound.
10:08 of 3rd period - Ben Guite wins face-off versus Adam Hall in Rangers zone.
10:37 of 3rd period - Shot by Ben Guite.
10:37 of 3rd period - Goal by Ben Guite - Flyers : 4 - Rangers : 2.
10:38 of 3rd period - David Steckel wins face-off versus Anze Kopitar in neutral zone.
10:40 of 3rd period - Brendan Witt is hit by Ed Jovanovski and loses puck.
10:52 of 3rd period - Anze Kopitar is hit by Brendan Witt and loses puck.
11:59 of 3rd period - Icing by Taylor Pyatt.
12:00 of 3rd period - David Steckel wins face-off versus Ben Guite in Rangers zone.
12:30 of 3rd period - Shot by Pascal Dupuis.
12:30 of 3rd period - Shot Misses the Net.
12:32 of 3rd period - Shot by Radek Martinek.
12:32 of 3rd period - Goal by Radek Martinek - Flyers : 5 - Rangers : 2.
12:33 of 3rd period - Patrick Sharp wins face-off versus David Legwand in neutral zone.
12:49 of 3rd period - Icing by David Legwand.
12:50 of 3rd period - David Legwand wins face-off versus Anze Kopitar in Rangers zone.
13:01 of 3rd period - Shot by Ed Jovanovski.
13:01 of 3rd period - Stopped by Marty Turco without a rebound.
13:02 of 3rd period - Jason Spezza wins face-off versus Ben Guite in Rangers zone.
14:14 of 3rd period - Minor Penalty to Mike Knuble for High sticking.
14:15 of 3rd period - Alexander Steen wins face-off versus Patrick Sharp in Rangers zone.
14:38 of 3rd period - Shot by Chris Campoli.
14:38 of 3rd period - Stopped by Marty Turco with a rebound.
14:40 of 3rd period - Shot by Nick Schultz.
14:40 of 3rd period - Stopped by Marty Turco without a rebound.
14:41 of 3rd period - David Steckel wins face-off versus Anze Kopitar in Rangers zone.
15:42 of 3rd period - David Steckel is hit by Rene Bourque and loses puck.
15:57 of 3rd period - Shot by Patrick Sharp.
15:57 of 3rd period - Shot Misses the Net.
16:01 of 3rd period - Shot by Patrik Elias.
16:01 of 3rd period - Stopped by Marty Turco without a rebound.
16:02 of 3rd period - David Legwand wins face-off versus Patrick Sharp in Rangers zone.
17:30 of 3rd period - Off-side.
17:31 of 3rd period - David Steckel wins face-off versus Patrick Sharp in neutral zone.
17:40 of 3rd period - Taylor Pyatt is hit by Rene Bourque and loses puck.
17:48 of 3rd period - Patrik Elias is hit by Dion Phaneuf and loses puck.
18:39 of 3rd period - Justin Williams is hit by Tomas Holmstrom and loses puck.
19:05 of 3rd period - Icing by Nick Schultz.
19:06 of 3rd period - Jason Spezza wins face-off versus Anze Kopitar in Flyers zone.
19:21 of 3rd period - Shot by Daniel Sedin.
19:21 of 3rd period - Stopped by Marty Turco without a rebound.
19:22 of 3rd period - Adam Hall wins face-off versus Ben Guite in Rangers zone.
19:31 of 3rd period - Shot by Radek Dvorak.
19:31 of 3rd period - Deflect By Pascal Dupuis.
19:31 of 3rd period - Stopped by Marty Turco without a rebound.
19:32 of 3rd period - Ben Guite wins face-off versus Jason Spezza in Rangers zone.
19:33 of 3rd period - Shot by Pascal Dupuis.
19:33 of 3rd period - Deflect By Radek Dvorak.
19:33 of 3rd period - Shot Misses the Net.
19:57 of 3rd period - Shot by Radek Martinek.
19:57 of 3rd period - Shot Misses the Net.
19:59 of 3rd period - Shot by Ben Guite.
19:59 of 3rd period - Shot Misses the Net.


Output by the SimonT Hockey Simulator (STHS) for Mathias Vaigur -- Original Page W3C XHTML 1.0 Valid